 Dungeon Crawl Stone Soup version 0.18-a0-5-gf1fb587 (webtiles) character file.

412 Raultor the Covered (level 6, -2/37 HPs)
             Began as a Gargoyle Fighter on Oct 31, 2015.
             Slain by Sigmund
             ... wielding a +0 scythe of protection
              (4 damage)
             ... on level 4 of the Dungeon on Nov 1, 2015.
             The game lasted 00:09:58 (3157 turns).

Raultor the Covered (Gargoyle Fighter)              Turns: 3157, Time: 00:09:59

Health: -2/37      AC: 12    Str: 21    XL:     6   Next: 90%
Magic:  6/6        EV:  9    Int:  8    God:
Gold:   138        SH:  4    Dex: 10    Spells: 0 memorised, 5 levels left

rFire  + . .     SeeInvis .     t - +0 war axe
rCold  . . .     Clarity  .     q - +1 scale mail {rF+}
rNeg   + . .     SustAt   .     g - +0 buckler
rPois  ∞         Gourm    .     (no helmet)
rElec  +         Spirit   .     (no cloak)
rCorr  .         Warding  .     (no gloves)
rMut   .         Stasis   .     (no boots)
MR     .....                    (no amulet)
Stlth  ..........               (no ring)
                                (no ring)

@: not resistant to hostile enchantments, extremely unstealthy
A: negative energy resistance 1, electricity resistance, unbreathing,
petrification resistance, rot immunity, AC +4
a: no special abilities


You were on level 4 of the Dungeon.
You were hungry.

You visited 1 branch of the dungeon, and saw 4 of its levels.

You collected 138 gold pieces.

Inventory:

Hand Weapons
 i - a +0 mace
 p - a +4 morningstar of protection
 t - a +0 war axe (weapon)
Missiles
 l - a throwing net (quivered)
 y - 10 javelins
Armour
 b - a +0 scale mail
 c - a +0 shield
 g - a +0 buckler (worn)
 q - a +1 scale mail of fire resistance (worn)
Jewellery
 B - a +6 ring of slaying {unknown}
Wands
 v - a wand of frost (19)
 w - a wand of frost (39)
 A - a wand of disintegration (10)
 F - a wand of fire (12)
Scrolls
 a - a scroll of enchant weapon {unknown}
 h - 2 scrolls of blinking {unknown}
 r - 3 scrolls of identify {unknown}
 C - a scroll of teleportation {unknown}
 E - a scroll of immolation {unknown}
 G - a scroll of amnesia {unknown}
Potions
 d - a potion of might
 f - 2 potions of heal wounds {unknown}
 m - 3 potions of degeneration {unknown}
 n - 2 potions of agility {unknown}
 o - 2 potions of lignification {unknown}
 s - a potion of poison {unknown}
 u - a potion of curing {unknown}
 x - a potion of mutation {unknown}
Comestibles
 e - 5 bread rations
 j - a royal jelly
 k - a beef jerky
 z - a meat ration
 D - 10 chunks of flesh


   Skills:
 - Level 3.3 Fighting
 * Level 5.0 Axes
 + Level 5.0 Armour
 + Level 4.4 Shields


You had 5 spell levels left.
You didn't know any spells.

Dungeon Overview and Level Annotations

Branches:
Dungeon (4/15)
 Temple: D:4-7

Altars:
Qazlal

Shops:
D:4 [

Annotations:
D:4 Sigmund


Innate Abilities, Weirdness & Mutations

You are resistant to torment.
Your stone body is resilient (AC +4).
You are immune to poison.
You resist negative energy.
You are resistant to electric shocks.
You can survive without breathing.
You are immune to petrification.
You are immune to rotting.


Message History

Sigmund gestures at you while chanting.
You are confused.
You hit Sigmund but do no damage.
Sigmund is heavily wounded.
Sigmund screams, "Die, monster!"
Sigmund hits you with a scythe of protection.
* * * LOW HITPOINT WARNING * * *
You miss Sigmund.
Sigmund is heavily wounded.
Sigmund completely misses you.
You hit Sigmund.
Sigmund is heavily wounded.
Sigmund hits you but does no damage.
Sigmund hits you with a scythe of protection.
* * * LOW HITPOINT WARNING * * *
You closely miss Sigmund.
Sigmund is heavily wounded.
You feel less confused.
Sigmund hits you with a scythe of protection.
You die...

....... #....+.....+
....... +....#.....
#########....#...########
###.##..#....#...#......#
#.......#....#...#......#
#.......#....'...#......#
'.......+....#...#......#
#.......#....#..@#......#
#.......#....#..@.......#
#######'#....###........#
#.........####.##########
#.........#.....#
#......[..#.....#
#.........#.....#
'.........#.....#
#.........#+##'##########
..#+##'####.##.#........#


You could see Sigmund.

Vanquished Creatures
  A phantom (D:4)
  A scorpion (D:4)
  An orc wizard (D:3)
  A worker ant (D:4)
  Terence (D:2)
  Natasha (thrice) (D:2)
  A hound skeleton (D:4)
  4 gnolls (D:4)
  3 adders
  An ooze (D:1)
  3 worms
  An adder skeleton (D:4)
  2 orcs (D:3)
  2 ball pythons
  3 giant cockroaches
  8 hobgoblins
  4 jackals (D:1)
  6 kobolds
  2 quokkas (D:2)
  4 bats
  3 giant geckos
  A giant newt (D:1)
  A quokka skeleton (D:4)
  10 rats
67 creatures vanquished.

Notes
Turn   | Place    | Note
--------------------------------------------------------------
     0 | D:1      | Raultor the Gargoyle Fighter began the quest for the Orb.
     0 | D:1      | Reached XP level 1. HP: 14/14 MP: 1/1
    88 | D:1      | Reached XP level 2. HP: 17/19 MP: 2/2
   312 | D:1      | Reached XP level 3. HP: 20/23 MP: 3/3
   672 | D:2      | Noticed Terence
   683 | D:2      | Killed Terence
   683 | D:2      | Reached skill level 4 in Shields
   683 | D:2      | Reached XP level 4. HP: 25/28 MP: 4/4
   792 | D:2      | Noticed Natasha
   802 | D:2      | Killed Natasha
  1090 | D:2      | Noticed Natasha
  1094 | D:2      | Killed Natasha
  1205 | D:2      | Reached XP level 5. HP: 32/32 MP: 5/5
  1450 | D:2      | Noticed Natasha
  1457 | D:2      | Killed Natasha
  1934 | D:3      | Found a stormy altar of Qazlal.
  2573 | D:4      | Noticed a phantom
  2632 | D:4      | Killed a phantom
  2632 | D:4      | Reached XP level 6. HP: 30/37 MP: 6/6
  2781 | D:4      | Reached skill level 5 in Armour
  2851 | D:4      | Found Ykhlor's Armour Shoppe.
  3069 | D:4      | Reached skill level 5 in Axes
  3098 | D:4      | Noticed Sigmund
  3157 | D:4      | Slain by Sigmund

Vault maps used:
D:1:      ncdulo_halloftheorcs, grunt_decor_one_mirror
D:2:      uniq_terence, uniq_natasha
D:3:      lemuel_doored_altar
D:4:      serial_shops, shop, uniq_sigmund

Action                   |  1- 3 |  4- 6 || total
-------------------------+-------+-------++-------
Melee: War axe           |    79 |   209 ||   288
  Eat: Chunk             |       |     7 ||     7
